 Dungeon Crawl Stone Soup version 0.27-a0-215-g68775813e2 (webtiles) character file.

Game seed: 8068929967160944563

28 Astera the Skirmisher (level 3, -1/29 HPs)
             Began as a Demonspawn Fighter on Jan 31, 2021.
             Slain by an orc (2 damage)
             ... on level 2 of the Dungeon.
             The game lasted 00:03:22 (1010 turns).

Astera the Skirmisher (Demonspawn Fighter)          Turns: 1010, Time: 00:03:23

Health: -1/29      AC:  6    Str: 17    XL:     3   Next: 0%
Magic:  3/3        EV:  6    Int: 11    God:
Gold:   30         SH:  0    Dex: 12    Spells: 2/2 levels left

rFire    . . .     SeeInvis .   a - +0 long sword
rCold    . . .     Faith    .   c - +0 kite shield
rNeg     . . .     Spirit   .   b - +0 scale mail
rPois    .         Reflect  .   (no helmet)
rElec    .         Harm     .   (no cloak)
rCorr    .         Rampage  .   (no gloves)
Will     .....                  (no boots)
Stlth    ..........             (no amulet)
HPRegen  0.09/turn              (no ring)
MPRegen  0.08/turn              (no ring)

@: confused
A: big brain 1
a: no special abilities


You were on level 2 of the Dungeon.
You visited 1 branch of the dungeon, and saw 2 of its levels.

You collected 30 gold pieces.

Inventory:

Hand Weapons
 a - a +0 long sword (weapon)
Missiles
 f - 24 stones (quivered)
 g - 2 datura-tipped darts
Armour
 b - a +0 scale mail (worn)
 c - a +0 kite shield (worn)
Scrolls
 e - a scroll of remove curse {unknown}
 h - 2 scrolls of teleportation {unknown}
 j - 3 scrolls of noise {unknown}
 k - a scroll of enchant armour {unknown}
 m - 2 scrolls of identify {unknown}
Potions
 d - a potion of might
 i - a potion of curing {unknown}
 l - a potion of degeneration {unknown}


   Skills:
 + Level 3.2 Fighting
 + Level 2.4 Long Blades
 + Level 0.6 Throwing
 + Level 3.0 Armour
 + Level 2.7 Shields


You had 2 spell levels left.
You didn't know any spells.
Your spell library was empty.

Dungeon Overview and Level Annotations

Branches:
Dungeon (2/15)

Altars:


Innate Abilities, Weirdness & Mutations

You have an unusually large brain. (Int +2)


Message History

Deactivating autopickup; reactivate with Ctrl-A.
The puff of flame hits you.
* * * LOW HITPOINT WARNING * * *
The goblin barely misses you.
You have reached level 3!
Your experience leads to an increase in your attributes!
Increase (S)trength, (I)ntelligence, or (D)exterity?
You feel stronger.
You completely miss something. The hobgoblin hits you.
* * * LOW HITPOINT WARNING * * *
The goblin completely misses you. Something hits you but does no damage.
The orc barely misses you.
The hobgoblin hits you but does no damage.
The goblin barely misses you.
You are too confused!
You miss the goblin.
The orc wizard points at itself and mumbles some strange words.
The orc wizard flickers and vanishes!
Something hits you but does no damage. The orc hits you.
You die...

#.......##
........#
###.#.#..### #.
........
#.##...#.#
#.##...w>...#
#.....##{K###
#####.##gg######
#.##@.......
#{##o#######
#........(#
###.#####.# #.#
(. #.# ..# #.#
.# #.# # #.#


You could see a dart slug, an orc, a hobgoblin, a goblin and a kobold.

Vanquished Creatures
  2 leopard geckos (D:1)
  3 bats (D:1)
  6 goblins (D:1)
  4 hobgoblins (D:1)
  4 kobolds
  4 rats
23 creatures vanquished.

Notes
Turn   | Place    | Note
-------+----------+-------------------------------------------
     0 | D:1      | Astera the Demonspawn Fighter began the quest for the Orb.
     0 | D:1      | Reached XP level 1. HP: 18/18 MP: 1/1
   390 | D:1      | Gained mutation: You have an unusually large brain. (Int
                  | +2) [demonic ancestry]
   390 | D:1      | Reached XP level 2. HP: 22/24 MP: 2/2
  1009 | D:2      | Reached XP level 3. HP: 2/29 MP: 3/3
  1009 | D:2      | HP: 1/29 [hobgoblin (1)]
  1010 | D:2      | Slain by an orc

Illustrated notes

Levels and vault maps discovered:
D:1:      wander_arrival_peaceful_grave, layout_loops_ring,
          minmay_misc_feat_rugged
D:2:      layout_basic, minmay_statues_item

Skill      XL: |  1  2 |
---------------+-------+-----
Long Blades    | 2 |  2.4
Armour         | 3 |  3.0
Fighting       | |  3.2
Throwing       | |  0.6
Shields        | |  2.7

Action                   || total
-------------------------++-------
Melee: Long sword        ||    68
Throw: Stone             ||    39
Armor: Scale mail        ||    35
Dodge: Dodged            ||    21
Block: Kite shield       ||    33
       Rpst.: Long sword ||     4

Table legend: (Time is in decaauts)
 A = Elapsed time spent in this place.
 B = Non-inter-level travel time spent in this place.
 C = Inter-level travel time spent in this place.
 D = Time resting spent in this place.
 E = Time spent auto-exploring this place.
 F = Levels seen in this place.
 G = Mean time per level.
                   A        B        C        D        E       F      G
               +--------+--------+--------+--------+--------+-----+--------+
         Total |   1060 |   1026 |     34 |    266 |    530 |   2 |  530.0 |
       Dungeon |   1060 |   1026 |     34 |    266 |    530 |   2 |  530.0 |
               +--------+--------+--------+--------+--------+-----+--------+

Top non-repeatable levels by time:
     D:1: 996 daAuts
     D:2: 63 daAuts
